Map: Blackburn LE

Players

SKillous

  • Race: Protoss Protoss

Elazer - Winner!

  • Race: Zerg Zerg

Event: DreamHack SC2 Masters 2021 Winter

VOD

Have the link to the VOD?

Description

Time

  • Played on: Oct. 5, 2021, 3:12 p.m.
  • Length: 11:20

All games in this series

Show
View Real Time Build Order
Export as new Build Order

SKillous Protoss 

Build Orders: 1 Gate Expand, Oracle Opening 

Get SALT Encoding   

  12  0:00  Probe  
  13  0:12  Probe  
  14  0:19  Pylon  
  14  0:24  Probe  
  15  0:37  Probe (Chrono Boost)  
  15  0:41  Gateway  
  16  0:47  Probe (Chrono Boost)  
  16  0:49  Assimilator  
  17  0:52  Probe (Chrono Boost)  
  18  1:03  Probe  
  19  1:16  Probe  
  20  1:27  Nexus  
  20  1:38  Cybernetics Core  
  20  1:42  Probe  
  21  1:48  Assimilator  
  22  1:54  Probe  
  22  1:57  Pylon  
  22  2:06  Probe  
  23  2:12  Adept (Chrono Boost)  
  25  2:18  Probe (Chrono Boost)  
  25  2:20  Stargate  
  26  2:28  Warp Gate  
  27  2:31  Probe (Chrono Boost)  
  27  2:35  Adept  
  29  2:41  Probe (Chrono Boost)  
  29  2:42  Probe (Chrono Boost)  
  31  2:49  Probe (Chrono Boost)  
  31  2:50  Probe (Chrono Boost)  
  33  2:55  Void Ray (Chrono Boost), Probe  
  34  3:00  Probe  
  39  3:07  Probe  
  39  3:12  Probe  
  41  3:17  Pylon  
  41  3:19  Probe  
  42  3:24  Probe  
  42  3:25  Gateway  
  45  3:31  Probe  
  46  3:36  Probe  
  46  3:40  Oracle  
  50  3:43  Probe  
  50  3:48  Probe  
  50  3:54  Nexus  
  50  3:56  Pylon  
  50  3:58  Probe  
  50  4:01  Probe  
  52  4:07  Assimilator x2  
  52  4:10  Probe  
  52  4:13  Probe  
  54  4:20  Fleet Beacon  
  54  4:22  Probe (Chrono Boost)  
  55  4:30  Pylon  
  55  4:31  Probe (Chrono Boost)  
  56  4:32  Stargate  
  56  4:34  Probe (Chrono Boost)  
  58  4:39  Probe x2 (Chrono Boost), Pylon  
  59  4:50  Probe  
  59  4:51  Probe  
  59  4:52  Forge  
  61  5:02  Probe  
  61  5:04  Tempest (Chrono Boost)  
  68  5:08  Adept  
  68  5:10  Adept  
  71  5:15  Probe, Shield Battery  
  71  5:16  Probe  
  74  5:24  Pylon  
  74  5:25  Tempest (Chrono Boost)  
  78  5:29  Probe  
  78  5:32  Probe  
  80  5:39  Tempest (Chrono Boost)  
  87  5:42  Probe x2  
  87  5:44  Pylon  
  87  5:45  Probe  
  85  5:50  Assimilator  
  85  5:51  Assimilator  
  85  5:55  Probe (Chrono Boost)  
  87  5:57  Probe (Chrono Boost), Tempest (Chrono Boost)  
  87  6:01  Probe (Chrono Boost)  
  87  6:03  Pylon  
  93  6:07  Probe (Chrono Boost)  
  96  6:11  Probe (Chrono Boost)  
  96  6:12  Tempest (Chrono Boost)  
  96  6:13  Probe (Chrono Boost)  
  101  6:19  Pylon  
  101  6:21  Probe  
  101  6:23  Twilight Council  
  101  6:24  Pylon  
  102  6:26  Pylon  
  102  6:33  Void Ray (Chrono Boost)  
  102  6:34  Probe  
  102  6:36  Probe  
  98  6:41  Photon Cannon  
  98  6:44  Photon Cannon  
  98  6:45  Pylon  
  98  6:46  Void Ray (Chrono Boost), Unknown  
  100  6:47  Adept x2  
  100  6:52  Probe  
  109  6:56  Probe  
  109  6:57  Probe  
  111  7:05  Void Ray (Chrono Boost), Probe  
  110  7:08  Probe  
  110  7:13  Nexus  
  110  7:14  Probe  
  114  7:16  Adept  
  114  7:18  Adept  
  114  7:19  Probe (Chrono Boost)  
  114  7:21  Protoss Ground Weapons Level 1 (Chrono Boost)  
  117  7:24  Charge  
  119  7:30  Probe x2 (Chrono Boost)  
  119  7:31  Probe (Chrono Boost)  
  119  7:35  Void Ray  
  120  7:37  Adept  
  120  7:40  Probe (Chrono Boost)  
  120  7:43  Pylon  
  123  7:45  Protoss Air Weapons Level 1 (Chrono Boost), Pylon, Shield Battery  
  123  7:51  Void Ray  
  119  7:57  Pylon  
  124  7:58  Probe  
  124  8:00  Pylon  
  124  8:01  Pylon  
  124  8:05  Templar Archives  
  124  8:12  Nexus  
  124  8:21  Pylon  
  124  8:22  Photon Cannon  
  124  8:25  Photon Cannon, Gateway  
  124  8:27  Gateway  
  124  8:28  Void Ray, Gateway  
  124  8:29  Zealot, Gateway  
  124  8:30  Probe  
  126  8:37  Gateway  
  130  8:42  Robotics Facility  
  130  8:50  Photon Cannon  
  130  8:53  Photon Cannon  
  130  8:55  Photon Cannon, High Templar x2  
  134  8:57  Probe x2  
  134  8:59  Probe  
  137  9:07  Photon Cannon  
  137  9:08  Archon  
  137  9:10  Probe  
  137  9:14  Assimilator  
  137  9:15  Assimilator  
  137  9:17  Photon Cannon  
  138  9:18  Shield Battery  
  138  9:21  Probe  
  139  9:31  Probe  
  139  9:33  Probe x2  
  139  9:35  Psionic Storm  
  137  9:41  Probe  
  137  9:43  Probe, High Templar x3  
  137  9:45  Probe  
  141  9:51  Stalker x2  
  145  9:55  Stalker  
  147  10:10  Nexus  
  147  10:12  Photon Cannon, Nexus  
  147  10:19  Archon  
  147  10:25  High Templar x2  
  147  10:26  High Templar x2  
  142  10:36  Probe  
  142  10:42  Zealot x3  
  127  10:44  Probe  
  125  10:50  Archon  
  125  10:51  Archon  
Show
View Real Time Build Order
Export as new Build Order

Elazer Zerg - Winner!

Build Orders: Hatch First 

Get SALT Encoding   

  12  0:00  Drone  
  13  0:12  Overlord  
  13  0:16  Drone  
  14  0:30  Drone x2  
  16  0:48  Hatchery  
  15  0:51  Drone  
  15  0:55  Drone  
  17  0:58  Drone  
  18  1:08  Extractor  
  17  1:13  Spawning Pool  
  17  1:17  Drone  
  17  1:20  Drone  
  18  1:28  Drone  
  19  1:38  Drone  
  20  1:49  Overlord  
  20  1:59  Queen x2  
  25  2:01  Drone, Zergling x2  
  26  2:11  Zergling x2  
  26  2:12  Metabolic Boost, Drone  
  28  2:21  Drone  
  28  2:22  Drone  
  30  2:31  Drone  
  30  2:32  Drone  
  32  2:38  Queen  
  32  2:44  Overlord  
  34  2:45  Drone  
  35  2:54  Hatchery  
  34  2:59  Queen  
  34  3:02  Drone  
  34  3:05  Overlord  
  37  3:10  Drone x2  
  38  3:13  Drone  
  38  3:16  Drone  
  38  3:17  Drone  
  38  3:19  Drone  
  42  3:20  Drone  
  43  3:27  Overlord  
  43  3:29  Drone x2  
  43  3:32  Queen  
  47  3:38  Overlord  
  47  3:39  Drone  
  47  3:40  Drone  
  49  3:45  Drone x2  
  51  3:56  Drone x4, Spore Crawler  
  54  4:07  Drone x5  
  59  4:10  Queen  
  59  4:12  Overlord  
  59  4:16  Overlord  
  61  4:21  Zergling x2  
  61  4:22  Zergling x6  
  65  4:30  Extractor  
  65  4:31  Zergling x6, Extractor, Roach Warren  
  66  4:35  Drone x4  
  69  4:40  Drone  
  69  4:45  Drone x2  
  72  4:48  Drone x3  
  72  4:49  Hatchery  
  72  4:52  Lair  
  74  4:54  Overlord  
  74  4:56  Drone  
  74  4:57  Drone  
  74  4:59  Drone x2  
  78  5:04  Overlord  
  78  5:08  Drone x3  
  78  5:12  Drone  
  78  5:14  Queen x2  
  81  5:18  Drone x2, Overlord  
  87  5:24  Drone x4  
  87  5:27  Extractor x2  
  89  5:28  Drone, Evolution Chamber, Extractor  
  89  5:33  Overlord  
  89  5:35  Drone x4  
  89  5:37  Drone  
  89  5:38  Drone x2  
  91  5:45  Overlord  
  91  5:47  Zergling x10  
  96  5:55  Queen x2  
  96  5:56  Zerg Missile Weapons Level 1  
  100  6:02  Drone x3  
  100  6:03  Infestation Pit, Overlord  
  102  6:05  Drone x2  
  102  6:06  Drone  
  102  6:09  Overseer  
  104  6:14  Overlord  
  104  6:15  Queen  
  104  6:17  Queen  
  108  6:24  Drone x2  
  110  6:26  Glial Reconstitution, Overlord  
  110  6:36  Queen  
  110  6:37  Queen  
  109  6:41  Zergling x20  
  109  6:45  Zergling x10  
  122  6:51  Queen  
  122  6:52  Overseer  
  122  6:54  Drone x2  
  126  6:55  Spire  
  126  6:58  Overlord  
  126  7:00  Drone x4  
  129  7:02  Drone x2  
  126  7:09  Drone x6  
  128  7:19  Overlord  
  127  7:29  Hatchery  
  114  7:59  Overlord x2  
  114  8:01  Queen x3  
  118  8:08  Corruptor x12  
  118  8:10  Corruptor  
  138  8:26  Corruptor x3  
  134  8:34  Hatchery  
  134  8:35  Corruptor x3  
  135  8:41  Zerg Flyer Weapons Level 1  
  135  8:47  Corruptor x2  
  139  8:56  Corruptor x3  
  139  9:00  Overseer  
  139  9:01  Corruptor  
  147  9:09  Corruptor x3  
  153  9:19  Corruptor x3  
  159  9:25  Overlord x3  
  159  9:30  Drone x7  
  166  9:34  Drone x2  
  166  9:48  Roach  
  166  9:49  Roach x10  
  188  10:03  Roach x5  
  198  10:07  Overlord x3  
  190  10:16  Spire  
  190  10:19  Extractor x2  
  190  10:20  Drone x6  
  189  10:28  Evolution Chamber  
  184  10:38  Corruptor x3  
  184  10:42  Roach x2  
  166  10:53  Zergling x34  

Tags
 
Add a new tag
Caveats
  • Supply blocks, unpowered buildings, or Contaminate may cause inaccurate times.
  • Supply counts are checked every 10 seconds.